 Dungeon Crawl Stone Soup version 0.30-a0-219-gf2db51d15e (webtiles) character file.

Game seed: 3134900703433695727

199061 jimonade the Eclecticist (level 19, -3/145 HPs)
             Began as a Djinni Fire Elementalist on Oct 6, 2022.
             Was an Elder of Ashenzari.
             Slain by the 27-headed Lernaean hydra (13 damage)
             ... on level 3 of the Swamp on Oct 7, 2022.
             The game lasted 02:18:24 (30164 turns).

jimonade the Eclecticist (DjFE)                    Turns: 30164, Time: 02:18:25

Health: -3/145     AC: 19    Str:  9    XL:     19   Next: 16%
Gold:   1931       EV: 19    Int: 35    God:    Ashenzari [****..] SH:  8 Dex: 24

rFire   + + .      SeeInvis +    a - staff of poison
rCold   x . .      Faith    .    p - +1 buckler "Rysit" {MP-9 Dex+4}
rNeg    . . .      Spirit   .    W - +4 troll leather armour of Ashenzari's Abstinence {Regen+, Self, Range} (curse)
rPois   ∞          Reflect  .    Y - +2 helmet "Esoteric Incredulity" {Self, Evo} (curse)
rElec   +          Harm     .    e - +1 cloak "Restrained With Me" {Self, Range} (curse)
rCorr   .          Rampage  .    A - +2 pair of gloves "Pangnostic Frustration" {Dex+3, Evo, Self} (curse)
Will    +....      Clarity  +    (boots unavailable)
Stlth   +++.......               U - amulet "Tethered Sybil" {rElec Regen+ Int+3, Melee, Self} (curse)
HPRegen 2.04/turn                b - +6 ring of intelligence
MPRegen 0.00/turn                q - ring "Tethered Loss" {Int+6, Self, Cun} (curse)

@: flying, studying Ranged Weapons
A: sickness immunity, fire resistance 2, cold vulnerability 1, float, innate
caster, HP casting, extra vitality 1
}: 1/15 runes: gossamer
a: Renounce Religion, Shatter the Chains


You were on level 3 of the Swamp.
You worshipped Ashenzari.
Ashenzari was greatly pleased with you.
You visited 6 branches of the dungeon, and saw 31 of its levels.
You also visited: Sewer.

You collected 3470 gold pieces.
You spent 1539 gold pieces at shops.

Inventory:

Hand Weapons
 v - a +0 triple crossbow
 Z - a +0 quick blade
Armour
 e - the cursed +1 cloak "Restrained With Me" (worn) {Self, Range}
   (You found it on level 1 of the Dungeon)

   It has a curse which improves the following skills: Introspection: Fighting
   and Spellcasting.
   Ranged Combat: Ranged Weapons and Throwing.
 p - the +1 buckler "Rysit" (worn) {MP-9 Dex+4}
   (You acquired it on level 10 of the Dungeon)

   Dex:       It affects your dexterity (+4).
   MP:        It affects your magic capacity (-9).
 A - the cursed +2 pair of gloves "Pangnostic Frustration" (worn) {Dex+3, Evo, Self}
   (You found it on level 3 of the Dungeon)

   It has a curse which improves the following skills: Evocations: Evocations.
   Introspection: Fighting and Spellcasting.
 T - a scarf of invisibility
 W - the cursed +4 troll leather armour of Ashenzari's Abstinence (worn) {Regen+, Self, Range}
   (You found it on level 10 of the Dungeon)

   Regen:     It increases your rate of health regeneration.
   It has a curse which improves the following skills: Introspection: Fighting
   and Spellcasting.
   Ranged Combat: Ranged Weapons and Throwing.
 Y - the cursed +2 helmet "Esoteric Incredulity" (worn) {Self, Evo}
   (You found it on level 3 of the Spider Nest)

   It has a curse which improves the following skills: Introspection: Fighting
   and Spellcasting.
   Evocations: Evocations.
Magical Staves
 a - a staff of poison (weapon)
 o - a staff of cold
 D - a staff of air
 X - a staff of death
Jewellery
 b - a +6 ring of intelligence (left hand)
 q - the cursed ring "Tethered Loss" (right hand) {Int+6, Self, Cun}
   (You found it on level 6 of the Dungeon)

   [ring of intelligence]

   Int:       It affects your intelligence (+6).
   It has a curse which improves the following skills: Introspection: Fighting
   and Spellcasting.
   Cunning:   Dodging and Stealth.
 J - a ring of positive energy
 K - a +4 ring of evasion
 U - the cursed amulet "Tethered Sybil" (around neck) {rElec Regen+ Int+3, Melee, Self}
   (You bought it in a shop on level 15 of the Dungeon)

   [amulet of regeneration]

   Int:       It affects your intelligence (+3).
   rElec:     It insulates you from electricity.
   Regen:     It increases your rate of health regeneration.
   It has a curse which improves the following skills: Melee Combat: Short
   Blades, Long Blades, Axes, Maces & Flails, Polearms, Staves and Unarmed
   Combat.
   Introspection: Fighting and Spellcasting.
Wands
 m - a wand of roots (42)
 x - a wand of light (27)
 B - a wand of mindburst (24)
 C - a wand of charming (26)
 N - a wand of flame (12)
 O - a wand of digging (11)
 Q - a wand of polymorph (12)
Scrolls
 f - 4 scrolls of torment
 g - 6 scrolls of magic mapping
 i - 15 scrolls of teleportation
 l - 5 scrolls of fear
 n - 2 scrolls of immolation
 r - 4 scrolls of blinking
 u - 4 scrolls of brand weapon
 y - 2 scrolls of summoning
 z - 5 scrolls of vulnerability
 F - 3 scrolls of enchant weapon
 G - 6 scrolls of enchant armour
 I - a scroll of poison
 M - 4 scrolls of butterflies
Potions
 c - 7 potions of mutation
 d - 17 potions of curing
 h - 6 potions of brilliance
 j - a potion of berserk rage
 k - 2 potions of resistance
 s - 5 potions of might
 t - 4 potions of cancellation
 w - 8 potions of lignification
 H - 2 potions of invisibility
 L - 8 potions of heal wounds
 P - 4 potions of attraction
 S - 11 potions of haste
 V - 6 potions of ambrosia
Miscellaneous
 E - a condenser vane
 R - a phial of floods


   Skills:
 + Level 9.8(16.1) Fighting
 - Level 7.8(10.8) Ranged Weapons
 + Level 9.7 Armour
 + Level 8.2(10.2) Dodging
 - Level 1.5(2.9) Stealth
 * Level 8.1 Shields
 + Level 20.9(26.8) Spellcasting
 * Level 4.0(6.7) Evocations


You had 21 spell levels left.
You knew the following spells:

 Your Spells              Type           Power      Damage    Failure   Level
a - Foxfire               Conj/Fire      100%       2x1d9     0%          1
b - Scorch                Fire           100%       2d10      0%          2
c - Kindle Blastsparks    Fire/Tloc/Air  100%       2d18      0%          3
d - Inner Flame           Hex/Fire       100%       N/A       0%          3
e - Flame Wave            Conj/Fire      100%       2d21      0%          4
f - Magic Dart            Conj           100%       1d8       0%          1
g - Momentum Strike       Conj/Tloc      100%       3d10      0%          2
h - Wereblood             Tmut           100%       N/A       0%          2
i - Olgreb's Toxic Radia  Pois           100%       N/A       0%          4
j - Summon Lightning Spi  Summ/Air       100%       N/A       0%          4
k - Irradiate             Conj/Tmut      62%        3d32      0%          5
l - Iron Shot             Conj/Erth      62%        9d12      0%          6
m - Dispersal             Tloc           62%        N/A       0%          6
n - Orb of Destruction    Conj           62%        9d15      0%          7
Your spell library was empty.

Dungeon Overview and Level Annotations

Branches:
Dungeon (15/15)            Temple (1/1) D:6            Lair (5/5) D:9
  Swamp (4/4) Lair:3       Spider (4/4) Lair:3        Slime (0/5) Lair:5
    Orc (2/2) D:12            Elf (0/3) Orc:2        Vaults (0/5) D:14
 Depths (0/4) D:15          Sewer (visited)

Altars:
Ashenzari
Cheibriados
Dithmenos
Elyvilon
Fedhas
Gozag
Hepliaklqana
Makhleb
Nemelex Xobeh
Okawaru
Qazlal
Ru
Trog
Uskayaw
Wu Jian
Xom
Yredelemnul
Zin
The Shining One
Jiyva

Shops:
D:6 *   D:10 *   D:13 ?   D:14 !   D:15 ![:*=   Orc:2 ([::?

Annotations:
D:2 1 runed translucent door, Crazy Yiuf
Swamp:3 Lernaean hydra
Spider:2 2 transporters, Fawason's ghost, adept HuFi
Orc:2 2 transporters, Iusername's ghost, journeyman MiFi


Innate Abilities, Weirdness & Mutations

You are immune to sickness and miasma.
You are immune to poison.
Your flesh is very heat resistant. (rF++)
You are vulnerable to cold. (rC-)
You float through the air rather than walking.
You learn spells naturally, not from books.
Your magical power is your life essence.
You have superior vitality. (+4 MHP)


Message History

The 27-headed Lernaean hydra barely misses you.
The 27-headed Lernaean hydra bites you. The 27-headed Lernaean hydra bites you!
Your toxic aura wanes.
The cloud of blastsparks explodes!
The concussive blast engulfs the 27-headed Lernaean hydra!!
The 27-headed Lernaean hydra is lightly wounded.
The concussive blast engulfs you. You resist.
You are knocked back by the blast.
Casting: Kindle Blastsparks (safe; 0% risk of failure)
Confirm with . or Enter, or press ? or * to list all spells.
An electric hum fills the air.
Casting: Summon Lightning Spire (safe; 0% risk of failure)
Confirm with . or Enter, or press ? or * to list all spells.
A cloud of volatile blastsparks flares up around you!
The 27-headed Lernaean hydra is engulfed in a cloud of scalding steam.
The 27-headed Lernaean hydra bites you but does no damage. x2
The 27-headed Lernaean hydra bites you.
The 27-headed Lernaean hydra bites you but does no damage. x2
The 27-headed Lernaean hydra completely misses you.
The 27-headed Lernaean hydra barely misses you.
The 27-headed Lernaean hydra bites you.
* * * LOW HITPOINT WARNING * * *
The 27-headed Lernaean hydra bites you.
* * * LOW HITPOINT WARNING * * *
The 27-headed Lernaean hydra bites you but does no damage.
The 27-headed Lernaean hydra bites you.
* * * LOW HITPOINT WARNING * * *
The 27-headed Lernaean hydra bites you.
* * * LOW HITPOINT WARNING * * *
The 27-headed Lernaean hydra bites you but does no damage.
The 27-headed Lernaean hydra bites you!
* * * LOW HITPOINT WARNING * * *
The 27-headed Lernaean hydra bites you but does no damage.
The 27-headed Lernaean hydra misses you.
The 27-headed Lernaean hydra closely misses you.
The 27-headed Lernaean hydra completely misses you.
The 27-headed Lernaean hydra bites you!
* * * LOW HITPOINT WARNING * * *
The 27-headed Lernaean hydra bites you!
You die...

♣.~♣...♣ ♣~.~~.~~~~§~~~.~
♣♣♣~..~♣ ♣~~~~.~~.~♣.~.~.
♣~...♣♣♣♣.~§~~~~.♣♣~~~~
♣.~~....~..~~~~~.♣♣....
♣♣♣♣♣♣....~.~~...~~~.....~~~
♣♣♣♣~........~.§~♣~.~~~~~~~~~~~
♣~~~~~~~~~~~~~......~~~~~~~~~~~
♣.~~~~~~~~~~~..~~...~~~~~~~~~~~
♣~~~~♣~.§~~§~~@8~..~~~~~~~~§~..
♣♣..~♣♣..~~~§D..♣♣~..~~~.♣♣♣.~♣
♣♣♣♣..♣~.~.>.~~~♣~....~♣~♣♣♣♣♣
♣..~♣♣.~§§§.~~...~~.♣♣♣♣...~.
♣♣♣♣♣♣.~~~~~~~~~~~~♣♣♣♣♣~§~~~
♣♣♣ ♣♣..~~~~...♣..~~.~♣.~~~~
♣♣~♣♣♣♣ ♣♣♣~~..~♣~~.~...~♣♣♣♣♣♣
♣♣♣~..♣.♣♣ ♣♣♣♣♣♣♣♣.~~~.~♣♣
.♣~.~...~♣ ♣♣~....~~.♣


You could see the 27-headed Lernaean hydra (ally target) and a friendly
lightning spire (summoned).

Vanquished Creatures
  Gastronok (D:11)
  Kirke (Swamp:1)
  A thorn hunter (Swamp:3)
  A fenstrider witch (Swamp:2)
  6 emperor scorpions
  Aizul (Swamp:1)
  5 ghost moths
  A stone giant (D:15)
  4 broodmothers
  4 eleionomae
  A bunyip (Swamp:3)
  6 spark wasps
  A shambling mangrove (Swamp:2)
  3 entropy weavers
  9 hydras
  2 jorogumos
  An ogre mage (D:15)
  A spriggan air mage (Swamp:2)
  A merfolk avatar (Lair:5)
  A radroach (Spider:4)
  3 centaur warriors
  12 two-headed ogres
  Erica (Lair:2)
  7 alligators
  10 death yaks (Lair:4)
  3 boulder beetles
  A tengu warrior (D:14)
  A death scarab (Spider:3)
  2 orc high priests (Orc:2)
  6 spriggans
  3 pharaoh ants
  A fire crab (Lair:5)
  Lodul (D:11)
  A spriggan druid (Swamp:1)
  8 orb spiders
  5 goliath frogs
  9 steelbarb worms
  6 swamp dragons
  3 skeletal warriors (D:15)
  2 bog bodies
  3 lindwurms (Lair:2)
  A wizard (D:15)
  4 orc knights (Orc:2)
  2 deep elf pyromancers
  4 manticores
  4 orc sorcerers (Orc:2)
  6 moths of wrath
  2 ugly things
  A cyclops (D:13)
  19 wolf spiders
  3 will-o-the-wisps
  Joseph (D:8)
  2 black mambas (Lair:5)
  8 torpor snails
  A gargoyle (D:11)
  8 cane toads
  Psyche (D:8)
  3 rime drakes (Lair:3)
  9 komodo dragons
  9 demonic crawlers
  A tengu conjurer (D:13)
  2 meliai (Spider:3)
  9 trolls
  2 wind drakes (Lair:5)
  A bloated husk (Swamp:3)
  6 tyrant leeches
  22 tarantellas
  4 polar bears
  15 blink frogs
  11 hornets
  4 dream sheep
  4 slime creatures
  A snapping turtle (Lair:5)
  26 jumping spiders
  21 culicivoras
  4 wyverns
  A shadow (D:11)
  A human (Swamp:1)
  2 wraiths (Swamp:1)
  3 hogs (Swamp:1)
  56 yaks
  4 steam dragons
  A basilisk (shapeshifter) (D:15)
  3 basilisks
  15 vampire mosquitoes
  44 redbacks
  A warg (Orc:2)
  9 swamp worms
  7 water moccasins
  15 orc warriors
  11 ogres
  A swamp drake (Swamp:2)
  An ice beast (D:6)
  3 black bears
  8 centaurs
  14 wolves
  2 phantoms (D:12)
  3 necrophages
  2 scorpions (D:5)
  19 bullfrogs
  4 wights (D:8)
  A troll zombie (D:12)
  6 killer bees
  3 jellies
  3 electric eels (Lair:3)
  4 howler monkeys
  15 orc priests
  3 hounds
  27 orc wizards
  2 iguanas
  3 ogre zombies (D:12)
  3 gnolls (D:5)
  11 adders
  A shadow imp (D:8)
  A white imp (D:7)
  A worm (D:2)
  3 dart slugs
  83 orcs
  4 endoplasms
  10 giant cockroaches
  5 hobgoblins
  11 kobolds
  11 quokkas
  7 ball pythons
  4 bats
  14 frilled lizards
  10 goblins
  A goblin skeleton (D:12)
  A goblin zombie (D:12)
  A hobgoblin skeleton (D:12)
  2 orc skeletons (D:12)
  9 orc zombies (D:12)
  8 rats
  A bush (Lair:5)
  A butterfly (D:6)
860 creatures vanquished.

Vanquished Creatures (collateral kills)
  A thorn hunter (Swamp:3)
  4 emperor scorpions
  Josephine (Swamp:1)
  An entropy weaver (Spider:4)
  A hydra (D:15)
  An ogre mage (D:14)
  3 radroaches
  2 boulder beetles
  2 death yaks (Lair:4)
  An orc high priest (Orc:2)
  2 pharaoh ants
  A goliath frog (Swamp:1)
  A steelbarb worm (Spider:2)
  2 orb spiders
  2 bog bodies (Lair:3)
  3 swamp dragons
  A spriggan druid (Swamp:2)
  An orc knight (D:13)
  A lindwurm (Lair:2)
  A harpy (Lair:5)
  5 wolf spiders
  A slime creature (D:13)
  An oklob plant (Lair:2)
  A torpor snail (Spider:4)
  6 cane toads
  A komodo dragon (Lair:5)
  An efreet (D:14)
  A troll (D:13)
  2 meliai
  A polar bear (Lair:5)
  A tyrant leech (Swamp:2)
  4 tarantellas
  A dream sheep (Lair:5)
  A jumping spider (Spider:4)
  A culicivora (Spider:4)
  A wraith (Swamp:1)
  2 spriggans
  4 yaks
  A basilisk (Lair:1)
  3 redbacks
  A warg (Orc:2)
  2 swamp worms
  2 water moccasins
  6 orc warriors
  An ogre (Orc:2)
  A phantom (D:12)
  A bullfrog (Lair:3)
  4 orc priests
  An orc wizard (Orc:1)
  2 ogre zombies (D:12)
  4 orcs
  2 hobgoblin zombies (D:12)
  An orc skeleton (D:12)
  2 orc zombies (D:12)
  8 foxfires
109 creatures vanquished.

Vanquished Creatures (others)
  A goliath frog (Swamp:4)
  684 foxfires
  31 fungi
  38 plants
754 creatures vanquished.

Grand Total: 1723 creatures vanquished

Notes
Turn   | Place    | Note
-------+----------+-------------------------------------------
     0 | D:1      | jimonade the Djinni Fire Elementalist began the quest for
                  | the Orb.
     0 | D:1      | jimonade set off with the following spells memorised:
                  | Foxfire, Scorch, Kindle Blastsparks, Inner Flame, Flame
                  | Wave.
     0 | D:1      | Reached XP level 1. HP: 15/15 MP: 0/0
   115 | D:1      | Reached XP level 2. HP: 21/21 MP: 0/0
   187 | D:1      | Reached skill level 3 in Spellcasting
   188 | D:1      | Found a faded altar of an unknown god.
   342 | D:1      | Reached XP level 3. HP: 24/25 MP: 0/0
   342 | D:1      | Learned a level 1 spell: Magic Dart
  1081 | D:2      | Found a runed translucent door.
  1082 | D:2      | Noticed Crazy Yiuf
  1271 | D:2      | Reached XP level 4. HP: 22/31 MP: 0/0
  1503 | D:2      | Reached skill level 4 in Spellcasting
  2462 | D:3      | Reached XP level 5. HP: 31/35 MP: 0/0
  2462 | D:3      | Learned a level 2 spell: Momentum Strike
  2597 | D:3      | Found a glowing silver altar of Zin.
  2836 | D:3      | Found a stormy altar of Qazlal.
  3288 | D:4      | Reached skill level 5 in Spellcasting
  3288 | D:4      | Reached XP level 6. HP: 34/40 MP: 0/0
  3620 | D:4      | Reached XP level 7. HP: 38/45 MP: 0/0
  3620 | D:4      | Learned a level 2 spell: Wereblood
  3980 | D:5      | Entered Level 5 of the Dungeon
  4155 | D:5      | Reached skill level 6 in Spellcasting
  4469 | D:5      | Reached XP level 8. HP: 42/50 MP: 0/0
  4681 | D:5      | Reached skill level 7 in Spellcasting
  5054 | D:6      | Found a staircase to the Ecumenical Temple.
  5063 | D:6      | Identified a scroll of acquirement
  5063 | D:6      | Acquired a manual of Ranged Weapons
  5104 | D:6      | Found Oruq's General Store.
  5289 | D:6      | Found a glowing drain.
  5293 | Sewer    | Entered a sewer
  5642 | D:6      | Reached skill level 8 in Spellcasting
  5771 | D:6      | Reached XP level 9. HP: 46/55 MP: 0/0
  5771 | D:6      | Learned a level 4 spell: Olgreb's Toxic Radiance
  6225 | D:6      | Reached skill level 9 in Spellcasting
  6626 | Temple   | Entered the Ecumenical Temple
  6798 | Temple   | Became a worshipper of Ashenzari the Shackled
  7654 | D:8      | Noticed Joseph
  7665 | D:8      | Killed Joseph
  7666 | D:8      | Reached skill level 10 in Spellcasting
  7821 | D:8      | Noticed a two-headed ogre
  7828 | D:8      | Killed a two-headed ogre
  7829 | D:8      | Reached XP level 10. HP: 23/60 MP: 0/0
  8001 | D:8      | Reached skill level 11 in Spellcasting
  8397 | D:8      | Noticed Psyche
  8403 | D:8      | Killed Psyche
  9664 | D:9      | Found a staircase to the Lair.
  9666 | D:9      | Noticed a komodo dragon
  9682 | D:9      | Killed a komodo dragon
  9769 | D:10     | Entered Level 10 of the Dungeon
  9785 | D:10     | Noticed a two-headed ogre
  9801 | D:10     | Killed a two-headed ogre
  9802 | D:10     | Reached skill level 12 in Spellcasting
  9835 | D:10     | Found Jetz's General Store.
 10007 | D:10     | Reached XP level 11. HP: 52/65 MP: 0/0
 10007 | D:10     | Learned a level 4 spell: Summon Lightning Spire
 10410 | D:10     | Reached * piety under Ashenzari
 10817 | D:11     | Found a sacrificial altar of Ru.
 10862 | D:11     | Noticed Lodul
 10869 | D:11     | Reached skill level 13 in Spellcasting
 10877 | D:11     | HP: 2/65 [Lodul/bolt of lightning (31)]
 10891 | D:11     | Killed Lodul
 11056 | D:11     | Noticed a manticore
 11063 | D:11     | Killed a manticore
 11275 | D:11     | Noticed Gastronok
 11285 | D:11     | Killed Gastronok
 11710 | D:12     | Noticed a deep elf pyromancer
 11714 | D:12     | Killed a deep elf pyromancer
 11770 | D:12     | Reached skill level 14 in Spellcasting
 11905 | D:12     | Reached XP level 12. HP: 58/70 MP: 0/0
 12584 | D:12     | Found a staircase to the Orcish Mines.
 12987 | Lair:1   | Entered Level 1 of the Lair of Beasts
 13041 | Lair:1   | Reached skill level 1 in Fighting
 13041 | Lair:1   | Reached skill level 1 in Armour
 13057 | Lair:1   | Reached skill level 15 in Spellcasting
 13834 | Lair:2   | Noticed Erica
 13841 | Lair:2   | Killed Erica
 13906 | Lair:2   | Reached XP level 13. HP: 66/83 MP: 0/0
 13906 | Lair:2   | Learned a level 5 spell: Irradiate
 14517 | Lair:2   | Reached ** piety under Ashenzari
 15056 | Lair:3   | Reached skill level 5 in Dodging
 15286 | Lair:3   | Reached skill level 16 in Spellcasting
 15473 | Lair:3   | Found a hole to the Spider Nest.
 15766 | Lair:3   | Found a staircase to the Swamp.
 15877 | Lair:4   | Identified the amulet "Evvezig" {Acrobat rC- Slay+5}
 16031 | Lair:4   | Noticed a five-headed hydra
 16067 | Lair:4   | Killed a five-headed hydra
 16213 | Lair:4   | Reached XP level 14. HP: 77/96 MP: 0/0
 16367 | Lair:4   | Reached skill level 5 in Fighting
 16370 | Lair:4   | Reached skill level 5 in Armour
 16629 | Lair:4   | Identified the +2 leather armour "Kotzupin" {-Tele rPois
                  | Will+++}
 16740 | Lair:5   | Entered Level 5 of the Lair of Beasts
 16828 | Lair:5   | Reached skill level 17 in Spellcasting
 17089 | Lair:5   | Reached *** piety under Ashenzari
 17294 | Lair:5   | Found a viscous altar of Jiyva.
 17294 | Lair:5   | Found a staircase to the Slime Pits.
 17653 | Lair:5   | Reached XP level 15. HP: 102/108 MP: 0/0
 17653 | Lair:5   | Learned a level 6 spell: Iron Shot
 18029 | Orc:1    | Entered Level 1 of the Orcish Mines
 18229 | Orc:2    | Entered Level 2 of the Orcish Mines
 18229 | Orc:2    | Found Mojumaed's Antique Weapon Shop.
 18323 | Orc:2    | Noticed Iusername's ghost (journeyman MiFi)
 18334 | Orc:2    | Found a transporter.
 18336 | Orc:2    | Identified the ring of Pemas {Ice rPois rCorr MP-9 Str+6}
 18415 | Orc:2    | Found a transporter.
 18470 | Orc:2    | Found Equgic's Armour Emporium.
 18619 | Orc:2    | Paralysed by an orc sorcerer for 3 turns
 19070 | Orc:2    | Found a staircase to the Elven Halls.
 19264 | Orc:2    | Found Wykhitt's Book Emporium.
 19282 | Orc:2    | Found Hemics's Magic Scroll Boutique.
 19289 | Orc:2    | Bought a scroll of blinking for 90 gold pieces
 19289 | Orc:2    | Found Ogrisk's Book Boutique.
 19410 | Orc:2    | Bought a +0 buckler for 63 gold pieces
 19736 | D:13     | Reached skill level 1 in Ranged Weapons
 19883 | D:13     | Reached skill level 1 in Shields
 19970 | D:13     | Found Urrug's Magic Scroll Emporium.
 19973 | D:13     | Bought a scroll of teleportation for 42 gold pieces
 19973 | D:13     | Bought a scroll of brand weapon for 133 gold pieces
 19973 | D:13     | Bought a scroll of teleportation for 42 gold pieces
 20022 | D:13     | Reached skill level 18 in Spellcasting
 20385 | D:14     | Found Ises's Distillery.
 20631 | D:14     | Found a gate to the Vaults.
 21198 | D:15     | Entered Level 15 of the Dungeon
 21454 | D:15     | Found Borarghu's Armour Boutique.
 21494 | D:15     | Reached XP level 16. HP: 109/118 MP: 0/0
 21511 | D:15     | Found Noplyot's Book Shoppe.
 21548 | D:15     | Found a hide-covered altar of Uskayaw.
 21672 | D:15     | Found Sucocaj's General Store.
 21673 | D:15     | Found a staircase to the Depths.
 21807 | D:15     | Found Yxast's Distillery.
 21810 | D:15     | Bought a potion of heal wounds for 95 gold pieces
 21810 | D:15     | Bought a potion of heal wounds for 95 gold pieces
 22068 | D:15     | Found Ushu's Jewellery Shoppe.
 22069 | D:15     | Bought a staff of poison for 275 gold pieces
 22083 | D:15     | Bought the amulet "Agisky" {rElec Regen+ Int+3} for 704
                  | gold pieces
 22095 | D:15     | Reached **** piety under Ashenzari
 22421 | Spider:1 | Entered Level 1 of the Spider Nest
 22622 | Spider:1 | Noticed an emperor scorpion
 22633 | Spider:1 | Killed an emperor scorpion
 22976 | Spider:1 | Noticed an emperor scorpion
 23001 | Spider:1 | Killed an emperor scorpion
 23307 | Spider:1 | Noticed an emperor scorpion
 23322 | Spider:1 | Killed an emperor scorpion
 23377 | Spider:1 | Reached skill level 5 in Ranged Weapons
 23385 | Spider:1 | Noticed an emperor scorpion
 23387 | Spider:1 | Killed an emperor scorpion
 23705 | Spider:2 | Noticed an emperor scorpion
 23711 | Spider:2 | Killed an emperor scorpion
 23712 | Spider:2 | Reached skill level 19 in Spellcasting
 23839 | Spider:2 | Reached XP level 17. HP: 128/130 MP: 0/0
 23839 | Spider:2 | Learned a level 6 spell: Dispersal
 23972 | Spider:2 | Identified the -1 helmet "Hihegg" {rC+}
 24242 | Spider:2 | Found a transporter.
 24245 | Spider:2 | Noticed Fawason's ghost (adept HuFi)
 24282 | Spider:2 | Found a transporter.
 24513 | Spider:3 | Reached skill level 5 in Shields
 25847 | Spider:4 | Entered Level 4 of the Spider Nest
 26126 | Spider:4 | Reached XP level 18. HP: 121/135 MP: 0/0
 26320 | Spider:4 | Reached skill level 20 in Spellcasting
 26444 | Spider:4 | Got a gossamer rune of Zot
 26481 | Spider:4 | Acquired the +1 buckler "Rysit" {MP-9 Dex+4}
 26698 | Spider:4 | Reached skill level 1 in Evocations
 26887 | Swamp:1  | Entered Level 1 of the Swamp
 27857 | Swamp:1  | Noticed Kirke
 27877 | Swamp:1  | Killed Kirke
 28013 | Swamp:1  | Noticed Josephine
 28017 | Swamp:1  | Killed Josephine
 28055 | Swamp:1  | Noticed Aizul
 28064 | Swamp:1  | Killed Aizul
 29647 | Swamp:3  | Reached XP level 19. HP: 107/141 MP: 0/0
 29647 | Swamp:3  | Learned a level 7 spell: Orb of Destruction
 29993 | Swamp:4  | Entered Level 4 of the Swamp
 30154 | Swamp:4  | Noticed the 27-headed Lernaean hydra
 30164 | Swamp:3  | Slain by the 27-headed Lernaean hydra

Illustrated notes

Levels and vault maps discovered:
D:1:      zaba_arrival_water, layout_loops_ring,
          dreamdust_ecumenical_altar_statues
D:2:      layout_basic, uniq_crazy_yiuf_cottage
D:3:      layout_loops_corners, mainiacjoe_overflow_chevrons,
          amcnicky_altar_gilded
D:4:      kennysheep_big_flooded_room, layout_basic
D:5:      layout_gridville
D:6:      layout_basic, minmay_temple_entry_butterflies, serial_shops, shop,
          gup_sewer_entry_spiral, serial_glass, glass_columns_a,
          glass_columns_a, interstate_on_off, kennysheep_generic_room_9
D:7:      layout_basic, corexii_leaking_fountain
D:8:      layout_basic, uniq_psyche, uniq_joseph
D:9:      layout_cave_pools, david_lair_shrubbed, serial_rivers,
          chequers_serial_rivers_micro_a, chequers_serial_rivers_large_a,
          chequers_serial_rivers_large_b, chequers_serial_rivers_small_b,
          chequers_serial_rivers_small_a, chequers_serial_rivers_small_3,
          kennysheep_generic_room_7
D:10:     layout_layer_cave, serial_shops, shop
D:11:     layout_cave_pods, nicolae_ru_great_annihilating_truth, uniq_lodul,
          uniq_gastronok
D:12:     layout_long_grid, zombieorc1_lemuel
D:13:     layout_roguey [special_room_orc], serial_shops, kennysheep_mini_moat,
          kennysheep_generic_room_11
D:14:     layout_loops_cross, david_vaults_2, nicolae_elevator_lobby_asterisk,
          serial_shops, nicolae_diamond_shop
D:15:     grunt_enter_depths_giant_problem, layout_loops_ring,
          nicolae_uskayaw_murder_on_the_dancefloor, serial_shops,
          nicolae_shop_window_shopping, nicolae_diamond_shop, shop, shop, shop
Temple:   nicolae_temple_slightly_damp_pantheon
Lair:1:   layout_regular_city
Lair:2:   layout_regular_city, minmay_lair_oklob_bushes, minmay_lindwurm_lava,
          serial_bayou_shore_b, uniq_erica
Lair:3:   layout_chaotic_city, nicolae_swamp_entry_splash_gauntlet,
          hellmonk_spider_entry_life_and_decay, disabler_island
Lair:4:   layout_gridlike, grunt_megastairs_3
Lair:5:   gammafunk_lair_ancient_temple, layout_regular_city, slime_entry_1
Swamp:1:  layout_basic_swamp, evilmike_swamp_ruin_house_3, uniq_josephine,
          uniq_kirke, uniq_aizul
Swamp:2:  layout_falls_marsh, hangedman_swamp_blocks, swamp_pool4
Swamp:3:  layout_basic_swamp, evilmike_swamp_ruin_house_1,
          infiniplex_staircase_pool
Swamp:4:  swamp, layout_basic_swamp, swamp_pool4
Spider:1: nicolae_spider_hilbert_zone_2 [nicolae_spider_hilbert_4_sides_1_open,
          nicolae_spider_hilbert_4_sides_1_open,
          nicolae_spider_hilbert_4_sides_1_open,
          nicolae_spider_hilbert_4_sides_1_open,
          nicolae_spider_hilbert_6_sides_1_open,
          nicolae_spider_hilbert_6_sides_1_open,
          nicolae_spider_hilbert_3_sides_1_open,
          nicolae_spider_hilbert_3_sides_1_open,
          nicolae_spider_hilbert_3_sides_1_open,
          nicolae_spider_hilbert_3_sides_1_open,
          nicolae_spider_hilbert_6_sides_1_open,
          nicolae_spider_hilbert_6_sides_1_open,
          nicolae_spider_hilbert_6_sides_1_open,
          nicolae_spider_hilbert_6_sides_1_open]
Spider:2: layout_spider_delve, gammafunk_ghost_mausoleum,
          hangedman_spider_tarantella_strand
Spider:3: layout_cave_pods, nicolae_spider_some_kinda_spiderbox
Spider:4: grunt_spider_rune_island
Orc:1:    layout_caves, serial_shops, shop_coins
Orc:2:    st_orc_elflike, layout_caves, gammafunk_ghost_berserking_beasts,
          serial_shops, nicolae_shop_hallway_stairs

Skill      XL: |  1  2  3  4  5  6  7  8  9 10 11 12 13 14 15 16 17 18 19 |
---------------+----------------------------------------------------------+-----
Spellcasting   | 3 4 5 6 8 10 12 14 15 16 17 18 19 20 | 20.9
Fighting       | 2 4 6 7 8 9 |  9.8
Armour         | 2 4 6 7 8 9 |  9.7
Dodging        | 3 5 7 8 |  8.2
Ranged Weapons | 3 5 7 |  7.8
Shields        | 2 4 6 7 8 |  8.1
Evocations     | 3 4 |  4.0
Stealth        | |  1.5

Action                   |  1- 3 |  4- 6 |  7- 9 | 10-12 | 13-15 | 16-18 | 19-21 || total
-------------------------+-------+-------+-------+-------+-------+-------+-------++-------
Melee: Dagger            |       |       |    22 |    13 |     3 |       |       ||    38
       Punch             |       |       |     2 |       |       |       |       ||     2
       Staff             |       |       |       |       |       |       |     1 ||     1
 Cast: Foxfire           |    44 |    52 |   148 |    62 |    75 |    11 |    11 ||   403
       Scorch            |     4 |    29 |    55 |    58 |    80 |   149 |    18 ||   393
       Inner Flame       |       |       |     6 |    68 |   140 |   107 |    11 ||   332
       Magic Dart        |       |       |     1 |       |       |     9 |       ||    10
       Olgreb's Toxic Ra |       |       |     5 |    63 |   206 |   281 |    11 ||   566
       Kindle Blastspark |       |       |     4 |     2 |    11 |     3 |     6 ||    26
       Summon Lightning  |       |       |       |    20 |    50 |    86 |    11 ||   167
       Flame Wave        |       |       |       |     1 |     4 |    13 |     1 ||    19
       Iron Shot         |       |       |       |       |     2 |    63 |     4 ||    69
       Wereblood         |       |       |       |       |     1 |       |       ||     1
Invok: Curse Item        |       |       |       |     2 |     3 |     1 |     1 ||     7
       Shatter the Chain |       |       |       |       |       |     1 |       ||     1
  Use: Scroll            |       |       |    12 |       |     4 |     1 |       ||    17
Armor: Robe              |     4 |     2 |    17 |       |       |       |       ||    23
       Leather armour    |       |       |       |    10 |       |       |       ||    10
       Troll leather arm |       |       |       |     5 |    20 |    78 |    43 ||   146
Dodge: Dodged            |     8 |     3 |    41 |    34 |    74 |   221 |    46 ||   427
Block: Buckler           |       |       |       |       |    10 |    91 |    17 ||   118

Table legend: (Time is in decaauts)
 A = Elapsed time spent in this place.
 B = Non-inter-level travel time spent in this place.
 C = Inter-level travel time spent in this place.
 D = Time resting spent in this place.
 E = Time spent auto-exploring this place.
 F = Levels seen in this place.
 G = Mean time per level.
                   A        B        C        D        E       F      G
               +--------+--------+--------+--------+--------+-----+--------+
         Total |  30226 |  27954 |   2272 |   1926 |  18882 |  32 |  944.6 |
       Dungeon |  15480 |  14015 |   1465 |    647 |  10767 |  15 | 1032.0 |
        Temple |    191 |    173 |     18 |      0 |    144 |   1 |  191.0 |
          Lair |   5904 |   5537 |    367 |    900 |   3357 |   5 | 1180.8 |
         Swamp |   2436 |   2342 |     94 |    225 |   1414 |   4 |  609.0 |
   Spider Nest |   4444 |   4221 |    223 |    143 |   2264 |   4 | 1111.0 |
  Orcish Mines |   1431 |   1328 |    103 |      0 |    791 |   2 |  715.5 |
         Sewer |    337 |    337 |      0 |     11 |    145 |   1 |  337.0 |
               +--------+--------+--------+--------+--------+-----+--------+

Top non-repeatable levels by time:
  Lair:3: 1910 daAuts
Spider:3: 1370 daAuts
     D:8: 1315 daAuts
Spider:1: 1292 daAuts
    D:12: 1252 daAuts
   Orc:2: 1220 daAuts
     D:5: 1177 daAuts
     D:2: 1165 daAuts
  Lair:2: 1153 daAuts
    D:10: 1129 daAuts
     D:6: 1084 daAuts
  Lair:5: 1075 daAuts
    D:11: 999 daAuts
    D:14: 998 daAuts
     D:3: 991 daAuts
